 Dungeon Crawl Stone Soup version 0.31.0-32-g396128a36d (webtiles) character file.

Game seed: 1710753710446556350

97 spaghetti the Caller (level 4, 0/24 HPs)
             Began as a Tengu Summoner on Mar 13, 2024.
             Was a Follower of Ru.
             Succumbed to a crimson imp's poison
             ... on level 3 of the Dungeon.
             The game lasted 00:03:08 (2415 turns).

spaghetti the Caller (Tengu Summoner)               Turns: 2415, Time: 00:03:08

Health: 0/24       AC:  2    Str:  8    XL:     4   Next: 68%
Magic:  4/9        EV: 27    Int: 18    God:    Ru [*.....]
Gold:   138        SH:  0    Dex: 14    Spells: 3/8 levels left

rFire   . . .        h - +3 whip
rCold   . . .        (no shield)
rNeg    . . .        a - +0 robe
rPois   .            (helmet restricted)
rElec   .            (no cloak)
rCorr   .            (no gloves)
SInv    .            (boots unavailable)
Will    .....        (no amulet)
Stlth   ++           (no ring)
HPRegen 0.24/turn    (no ring)
MPRegen 0.11/turn

%: acrobat
@: lethally poisoned (0 -> -16), acrobatic
A: beak, talons 3, unskilled 1, acrobatic
a: Renounce Religion


You were on level 3 of the Dungeon.
You worshipped Ru.
Ru was aware of your devotion.
You visited 1 branch of the dungeon, and saw 3 of its levels.

You collected 138 gold pieces.

Inventory:

Hand Weapons
 h - a +3 whip (weapon)
Armour
 a - a +0 robe (worn)
Jewellery
 j - a ring of resist corrosion
Wands
 o - a wand of iceblast (11)
 p - a wand of paralysis (8)
Scrolls
 c - a scroll of silence
 g - a scroll of poison {unknown}
 k - 2 scrolls of enchant armour {unknown}
 m - a scroll of acquirement {unknown}
Potions
 b - a potion of magic
 d - a potion of heal wounds {unknown}
 e - a potion of cancellation {unknown}
 f - a potion of degeneration {unknown}
 i - a potion of resistance {unknown}
 l - a potion of ambrosia {unknown}
 n - a potion of enlightenment {unknown}


   Skills:
 - Level 2.0 Dodging
 - Level 1.7 Stealth
 * Level 2.7 Spellcasting
 + Level 5.8 Summonings


You had 3 spell levels left.
You knew the following spells:

 Your Spells              Type           Power      Damage    Failure   Level
a - Summon Small Mammal   Summ           92%        N/A       1%          1
b - Call Imp              Summ           46%        N/A       2%          2
i - Cigotuvi's Dreadful   Necr/Alch/Air  4%         N/A       26%         2

Your spell library contained the following spells:

 Spells                   Type           Power      Damage    Failure   Level
 Call Canine Familiar     Summ           23%        N/A       4%          3
 Sublimation of Blood     Necr           2%         N/A       26%         2
 Summon Blazeheart Golem  Fire/Summ      13%        N/A       45%         4
 Summon Lightning Spire   Summ/Air       13%        N/A       45%         4
 Ignite Poison            Fire/Alch      2%         N/A       86%         4
 Freezing Cloud           Conj/Ice/Air   1%         6-21      99%         5
 Summon Hydra             Summ           11%        N/A       100%        7


Dungeon Overview and Level Annotations

Branches:
Dungeon (3/15)

Altars:
Ru
Xom


Innate Abilities, Weirdness & Mutations

You have a beak for a mouth.
You have claws for feet.
You are somewhat unskilled. (-1 Apt)
You can magically evade attacks while moving or waiting.


Message History

You are too injured to fight recklessly!
You are too injured to fight recklessly!
You are too injured to fight recklessly!
You are too injured to fight recklessly!
You are too injured to fight recklessly!
You are too injured to fight recklessly!
There are monsters nearby!
There are monsters nearby!
There are monsters nearby!
There are monsters nearby!
You are too injured to fight recklessly!
You closely miss the crimson imp. Your kick misses the crimson imp.
You feel very sick. The crimson imp closely misses you.
The crimson imp blinks!
You closely miss the crimson imp.
You feel sick.
Your cerulean imp hits the crimson imp from afar with a -2 spear.
The crimson imp hits you with a +1 dagger of chaos.
Your cerulean imp closely misses the crimson imp.
You hit the crimson imp.
You claw the crimson imp, but do no damage.
The crimson imp is severely wounded.
You feel sick.
The crimson imp shouts, "Take thy face hence, thou pox-marked lightweight scut!"
The crimson imp blinks!
The crimson imp grins evilly.
The crimson imp hits you with a +1 dagger of chaos.
* * * LOW HITPOINT WARNING * * *
You feel your power leaking away.
Your cerulean imp hits the crimson imp from afar with a -2 spear.
You miss the crimson imp. Your peck misses the crimson imp.
The crimson imp is almost dead.
You feel sick.
The crimson imp throws a stone.
The stone hits your bat but does no damage.
The crimson imp hits you with a +1 dagger of chaos.
* * * LOW HITPOINT WARNING * * *
You are lethally poisoned!
Your cerulean imp hits the crimson imp from afar with a -2 spear.
The crimson imp dies!
You swap places.
You die...

## .# # §#^#
##########...#
#..5.b@5)5._.+
.###....r####...#
......[...# §#^#
..........# 5# # #
.........## ####.#
..#####...# .....#
.
....#...####....##
#
..................
.
....#.............
#


You could see 2 crimson imps, a friendly cerulean imp (summoned), a friendly bat
(summoned) and a friendly rat (summoned).

Vanquished Creatures
  A dart slug (D:2)
  2 ribbon worms
  A ball python (D:2)
  7 bats
  A giant cockroach (D:2)
  2 hobgoblins
  A kobold (D:2)
  A quokka (D:3)
  2 frilled lizards
  A rat (D:2)
19 creatures vanquished.

Vanquished Creatures (collateral kills)
  A crimson imp (D:3)
  2 adders (D:3)
  A dart slug (D:3)
  A bat (D:3)
  2 endoplasms (D:2)
  A goblin (D:2)
  2 hobgoblins
  A kobold (D:1)
  4 ball pythons
  A frilled lizard (D:1)
  3 rats
19 creatures vanquished.

Grand Total: 38 creatures vanquished

Notes
Turn   | Place    | Note
-------+----------+-------------------------------------------
     0 | D:1      | spaghetti the Tengu Summoner began the quest for the Orb.
     0 | D:1      | Reached XP level 1. HP: 10/10 MP: 4/4
    73 | D:1      | Reached skill level 5 in Summonings
   536 | D:1      | Reached XP level 2. HP: 14/15 MP: 3/6
   539 | D:1      | Learned a level 2 spell: Call Imp
   542 | D:1      | Learned a level 2 spell: Cigotuvi's Dreadful Rot
   959 | D:2      | Found a faded altar of an unknown god.
  1017 | D:2      | Prayed at the altar of an unknown god.
  1017 | D:2      | Became a worshipper of Ru the Awakened
  1025 | D:2      | Gained mutation: You are somewhat unskilled. (-1 Apt) [Ru
                  | sacrifice]
  1025 | D:2      | Reduced skill Stealth to level 1
  1025 | D:2      | Reduced skill Spellcasting to level 1
  1025 | D:2      | Reached * piety under Ru
  1563 | D:2      | Reached XP level 3. HP: 19/19 MP: 2/6
  2140 | D:3      | Reached XP level 4. HP: 24/24 MP: 3/8
  2401 | D:3      | Found a shimmering altar of Xom.
  2415 | D:3      | Succumbed to a crimson imp's poison

Illustrated notes

Levels and vault maps discovered:
D:1:      lightli_arrival_statue_moat, layout_basic
D:2:      kennysheep_six_static_rooms, layout_basic,
          shapermc_ecumenical_altar_mp_vishouse
D:3:      layout_basic, led_xom_imps, minmay_misc_feat_rugged,
          minmay_misc_feat_ornament, nicolae_figureground_sparkle,
          uniq_crazy_yiuf_cottage

Skill      XL: |  1  2  3 |
---------------+----------+-----
Summonings     | 5 |  5.8
Stealth        | 1 |  1.7
Spellcasting   | 1 2 |  2.7
Dodging        | |  2.0

Action                     |  1- 3 |  4- 6 || total
---------------------------+-------+-------++-------
  Melee: Unarmed           |    12 |       ||    12
         Whip              |    38 |    20 ||    58
         Kick              |     9 |     2 ||    11
         Peck              |     6 |     2 ||     8
   Cast: Summon Small Mamm |    31 |     4 ||    35
         Call Imp          |    15 |     2 ||    17
         Cigotuvi's Dreadf |     1 |       ||     1
 Invoke: Sacrifice Skill   |     1 |       ||     1
    Use: Scroll            |     1 |       ||     1
   Stab: Distracted        |     1 |       ||     1
         Sleeping          |     1 |       ||     1
 Armour: Robe              |    30 |     8 ||    38
  Dodge: Dodged            |    54 |    16 ||    70
